 Dungeon Sprint DCSS version 0.28.0-53-g5a82cb258f (webtiles) character file.

Game seed: 1743897717910677158

613 Zeld the Fighter (level 7, -3/74 HPs)
             Began as a Minotaur Berserker on June 4, 2022.
             Was a Believer of Trog.
             Slain by Sonja
             ... wielding a +0 short sword of venom
              (4 damage)
             ... in the Dungeon (Sprint I: "Red Sonja").
             The game lasted 00:00:57 (769 turns).

Zeld the Fighter (Minotaur Berserker)                Turns: 769, Time: 00:00:58

Health: -3/74      AC:  1    Str: 23    XL:     7   Next: 20%
Magic:  6/6        EV: 14    Int:  2    God:    Trog [**....]
Gold:   63         SH:  0    Dex: 10    Spells: 6/6 levels left

rFire   . . .      SeeInvis .   a - +0 hand axe
rCold   . . .      Faith    .   (no shield)
rNeg    . . .      Spirit   .   b - +0 animal skin
rPois   .          Reflect  .   (helmet restricted)
rElec   .          Harm     .   (no cloak)
rCorr   .          Rampage  .   (no gloves)
Will    .....      NoTele   +   (no boots)
Stlth   +.........              (no amulet)
HPRegen 0.22/turn               (no ring)
MPRegen 0.10/turn               (no ring)

@: lethally poisoned (-3 -> -18)
A: horns 2, retaliatory headbutt, deformed body, dopey 1
a: Renounce Religion, Berserk, Trog's Hand


You were in the Dungeon.
You worshipped Trog.
Trog was pleased with you.
You visited 1 branch You collected 305 gold pieces.
You spent 242 gold pieces at shops.

Inventory:

Hand Weapons
 a - a +0 hand axe (weapon)
Armour
 b - a +0 animal skin (worn)
Wands
 i - a wand of iceblast (10)
Scrolls
 h - a scroll of blinking
Potions
 c - a potion of curing
 d - a potion of heal wounds
 e - a potion of haste
 f - 2 potions of magic
 g - a potion of berserk rage
 k - a potion of invisibility
 l - a potion of flight


   Skills:
 * Level 11.4 Fighting
 * Level 11.4 Axes
 + Level 8.0 Armour
 + Level 7.2 Dodging


You had 6 spell levels left.
You didn't know any spells.
Your spell library was empty.

Dungeon Overview and Level Annotations

Branches:
Dungeon (1/1)

Altars:
Cheibriados
Dithmenos
Elyvilon
Fedhas
Gozag
Hepliaklqana
Kikubaaqudgha
Makhleb
Nemelex Xobeh
Okawaru
Qazlal
Ru
Sif Muna
Trog
Uskayaw
Vehumet
Wu Jian
Xom
Yredelemnul
Zin
The Shining One
Jiyva
Lugonu

Shops:
D !

Annotations:
D Sonja


Innate Abilities, Weirdness & Mutations

You have a pair of horns on your head.
You reflexively headbutt those who attack you in melee.
Armour fits poorly on your strangely shaped body.
You are dopey. (Int -2)


Message History

You feel very sick.
Sonja zaps a wand.
The puff of flame hits you!
Unknown command.
You hit Sonja. Your headbutt misses Sonja.
Sonja is heavily wounded.
You feel very sick.
Sonja zaps a wand.
The puff of flame hits you!
Unknown command.
You miss Sonja.
Sonja is heavily wounded.
You feel sick. Sonja misses you. Sonja closely misses you.
Sonja barely misses you.
Unknown command.
Okay, then.
You completely miss Sonja.
Sonja is heavily wounded.
You feel sick.
Sonja zaps a wand.
The puff of flame hits you!
Unknown command.
You completely miss Sonja. Your headbutt misses Sonja.
Sonja is heavily wounded.
You feel sick.
Sonja hits you with a +0 short sword of venom.
* * * LOW HITPOINT WARNING * * *
You are lethally poisoned!
Sonja barely misses you.
Sonja hits you with a +0 short sword of venom.
* * * LOW HITPOINT WARNING * * *
You are more poisoned.
Unknown command.
You feel better.
Sonja hits you with a +0 short sword of venom!
* * * LOW HITPOINT WARNING * * *
Sonja closely misses you.
Sonja hits you with a +0 short sword of venom!
* * * LOW HITPOINT WARNING * * *
Sonja hits you with a +0 short sword of venom!
* * * LOW HITPOINT WARNING * * *
You are lethally poisoned!
Sonja hits you with a +0 short sword of venom.
You die...

###################
#<.#..)..#..'..#__#
#..)..#..').#..'..+
#..#####'#####'#__#
#..####..#...#.####
#..#__####..##[#
#..#_____##'#_.+
#⌠⌠#_.∩...'..._#
####_..__##_@#'#
#_____###K#(#
####### #.### $.$
$.$ ##.## #+#


You could see Sonja.

Vanquished Creatures
  A slime creature (D)
  Sigmund (D)
  A yak (D)
  An ogre (D)
  A jelly (D)
  Ijyb (D)
6 creatures vanquished.

Notes
Turn   | Place    | Note
-------+----------+-------------------------------------------
     0 | D        | Zeld the Minotaur Berserker began the quest for the Orb.
     0 | D        | Reached XP level 1. HP: 19/19 MP: 0/0
     4 | D        | Noticed Ijyb
    10 | D        | Killed Ijyb
    11 | D        | Reached skill level 5 in Fighting
    11 | D        | Reached skill level 5 in Axes
    11 | D        | Reached XP level 2. HP: 19/29 MP: 1/1
   218 | D        | Noticed an ogre
   222 | D        | Killed an ogre
   223 | D        | Reached XP level 3. HP: 39/39 MP: 2/2
   223 | D        | Reached XP level 4. HP: 47/47 MP: 3/3
   345 | D        | Noticed Sigmund
   349 | D        | Killed Sigmund
   349 | D        | Reached ** piety under Trog
   350 | D        | Reached skill level 5 in Dodging
   350 | D        | Reached XP level 5. HP: 57/57 MP: 4/4
   546 | D        | Found an ornate altar of the Wu Jian Council.
   546 | D        | Found a shimmering blue altar of Sif Muna.
   547 | D        | Found a burning altar of Makhleb.
   547 | D        | Found a viscous altar of Jiyva.
   547 | D        | Found a shimmering altar of Xom.
   547 | D        | Found a corrupted altar of Lugonu.
   547 | D        | Noticed a slime creature
   555 | D        | Killed a slime creature
   556 | D        | Reached skill level 10 in Fighting
   556 | D        | Reached skill level 10 in Axes
   556 | D        | Reached XP level 6. HP: 67/67 MP: 5/5
   561 | D        | Found a radiant altar of Vehumet.
   643 | D        | Found Xenaowam's Distillery.
   643 | D        | Found an ancient bone altar of Kikubaaqudgha.
   643 | D        | Found a hazy altar of Hepliaklqana.
   643 | D        | Found a stormy altar of Qazlal.
   643 | D        | Found a hide-covered altar of Uskayaw.
   643 | D        | Found a blossoming altar of Fedhas.
   643 | D        | Found a bloodstained altar of Trog.
   643 | D        | Found an iron altar of Okawaru.
   643 | D        | Found a basalt altar of Yredelemnul.
   643 | D        | Found a glowing golden altar of the Shining One.
   643 | D        | Found a snail-covered altar of Cheibriados.
   643 | D        | Found a sacrificial altar of Ru.
   643 | D        | Found a glowing silver altar of Zin.
   643 | D        | Found a shadowy altar of Dithmenos.
   643 | D        | Found a white marble altar of Elyvilon.
   643 | D        | Noticed a yak
   649 | D        | Killed a yak
   650 | D        | Reached XP level 7. HP: 74/74 MP: 6/6
   650 | D        | Found an opulent altar of Gozag.
   651 | D        | Found a sparkling altar of Nemelex Xobeh.
   655 | D        | Bought a potion of mutation for 88 gold pieces
   655 | D        | Bought a potion of curing for 33 gold pieces
   655 | D        | Bought a potion of invisibility for 88 gold pieces
   655 | D        | Bought a potion of flight for 33 gold pieces
   655 | D        | Gained mutation: You are dopey. (Int -2) [potion of
                  | mutation]
   655 | D        | Gained mutation: You have hidden genetic potential. [potion
                  | of mutation]
   655 | D        | Gained mutation: You occasionally shout uncontrollably at
                  | your foes. [potion of mutation]
   683 | D        | Lost mutation: You occasionally shout uncontrollably at
                  | your foes. [potion of mutation]
   683 | D        | Lost mutation: You have hidden genetic potential. [potion
                  | of mutation]
   683 | D        | Gained mutation: Armour fits poorly on your strangely
                  | shaped body. [potion of mutation]
   761 | D        | Noticed Sonja
   769 | D        | HP: 1/74 [Sonja/+0 short sword of venom (8)]
   769 | D        | Slain by Sonja

Illustrated notes

Levels and vault maps discovered:
D:        dungeon_sprint_1 [red_sonja_temple_1, red_sonja_temple_small_1]

Skill      XL: |  1  2  3  4  5  6 |
---------------+-------------------+-----
Fighting       | 5 7 9 10 11 | 11.4
Axes           | 5 7 9 10 11 | 11.4
Armour         | 3 4 6 7 8 |  8.0
Dodging        | 3 4 5 6 7 |  7.2

Action                   |  1- 3 |  4- 6 |  7- 9 || total
-------------------------+-------+-------+-------++-------
Melee: Hand axe          |     5 |    16 |     6 ||    27
       Headbutt          |     1 |     4 |       ||     5
Invok: Berserk           |     2 |     3 |       ||     5
Evoke: Wand              |       |       |     1 ||     1
  Use: Potion            |       |       |     3 ||     3
Dodge: Dodged            |     1 |     6 |     6 ||    13
